 Dungeon Crawl Stone Soup version 0.30.1-11-g7821555f0a (webtiles) character file.

Game seed: 10762159990751436769

102 Dordric the Slasher (level 5, 0/38 HPs)
             Began as a Djinni Gladiator on Nov 9, 2023.
             Slain by a gnoll
             ... wielding a +0 spear
              (7 damage)
             ... on level 2 of the Dungeon.
             The game lasted 00:01:32 (1549 turns).

Dordric the Slasher (Djinni Gladiator)              Turns: 1549, Time: 00:01:33

Health: 0/38       AC:  4    Str: 13    XL:     5   Next: 6%
Gold:   89         EV: 12    Int: 10    God:
                   SH:  0    Dex: 16

rFire   + + .        a - +0 long sword
rCold   x . .        (no shield)
rNeg    . . .        b - +0 leather armour
rPois   ∞            c - +0 helmet
rElec   .            (no cloak)
rCorr   .            (no gloves)
SInv    .            (boots unavailable)
Will    .....        (no amulet)
Stlth   +            (no ring)
HPRegen 0.26/turn    (no ring)
MPRegen 0.00/turn

%: infuse magic (-1 HP)
@: flying
A: sickness immunity, fire resistance 2, cold vulnerability 1, float, innate
caster, HP casting, extra vitality 1
a: no special abilities


You were on level 2 of the Dungeon.
You visited 1 branch of the dungeon, and saw 2 of its levels.

You collected 89 gold pieces.

Inventory:

Hand Weapons
 a - a +0 long sword (weapon)
Missiles
 d - a throwing net
 e - a javelin
Armour
 b - a +0 leather armour (worn)
 c - a +0 helmet (worn)
Scrolls
 h - a scroll of magic mapping {unknown}
 j - a scroll of identify {unknown}
 n - a scroll of blinking {unknown}
 o - a scroll of fear {unknown}
 p - a scroll of amnesia {unknown}
Potions
 f - 3 potions of curing {unknown}
 g - a potion of resistance {unknown}
 i - a potion of ambrosia {unknown}
 k - a potion of degeneration {unknown}
 l - 2 potions of might {unknown}
 m - a potion of haste {unknown}


   Skills:
 - Level 2.0 Fighting
 + Level 4.9 Long Blades
 - Level 1.5 Throwing
 - Level 3.2 Dodging


You knew the following spells:

 Your Spells              Type           Power      Damage    Failure   Level
a - Sting                 Tmut/Pois      0%         1d3       43%         1
b - Poisonous Vapours     Pois/Air       0%         N/A       58%         2
Your spell library was empty.

Dungeon Overview and Level Annotations

Branches:
Dungeon (2/15)

Altars:
Cheibriados


Innate Abilities, Weirdness & Mutations

You are immune to sickness and miasma.
You are immune to poison.
Your flesh is very heat resistant. (rF++)
You are vulnerable to cold. (rC-)
You float through the air rather than walking.
You learn spells naturally, not from books.
Your magical power is your life essence.
You have superior vitality. (+4 MHP)


Message History

The gnoll attacks as you move away! The gnoll hits you with a +0 spear.
The gnoll hits you from afar with a +0 spear.
You see here 5 gold pieces.
There is a stone staircase leading up here.
The gnoll barely misses you.
The gnoll hits you from afar with a +0 spear.
You fly upwards.
There is a stone staircase leading down here.
HP restored.
Done exploring.
Done exploring.
You fly downwards.
There is a stone staircase leading up here.
The gnoll barely misses you. The gnoll hits you with a +0 spear.
You barely miss the gnoll. The gnoll misses you.
You slash the gnoll!
The gnoll is severely wounded.
The gnoll closely misses you.
You hit the gnoll but do no damage.
The gnoll is severely wounded.
The gnoll closely misses you. The gnoll hits you with a +0 spear!
You hit the gnoll.
The gnoll is almost dead.
The gnoll hits you from afar with a +0 spear.
The gnoll closely misses you.
You closely miss the gnoll.
The gnoll is almost dead.
The gnoll misses you. The gnoll hits you with a +0 spear.
You barely miss the gnoll.
The gnoll is almost dead.
The gnoll hits you from afar with a +0 spear!
The gnoll hits you with a +0 spear.
* * * LOW HITPOINT WARNING * * *
You hit the gnoll but do no damage.
The gnoll is almost dead.
The gnoll hits you from afar with a +0 spear.
* * * LOW HITPOINT WARNING * * *
The gnoll hits you with a +0 spear!
You die...

#.#.............######.......#
..............................
#.####....._...#### #........
..# ##...........# #..?...#
### #........##.####......#
#......#.#............# #
#......#.#...##†......## #
#........#g...$....≈.... #
.....#.##.#@.g.....≈≈#### #
.....#....<.........≈# . ..
+........≈≈≈=...# .
#......≈≈≈....#.# .
#.[...≈≈##......# .
......~≈..#.≈~.... #
.$#......≈≈~#.≈~.###
..........#≈###≈≈.
.#.#####.#≈# #.


You could see 2 gnolls.

Vanquished Creatures
  Terence (D:2)
  2 gnolls (D:1)
  An adder (D:2)
  3 dart slugs
  7 bats
  5 endoplasms (D:1)
  2 giant cockroaches
  4 hobgoblins (D:1)
  2 jackals (D:1)
  3 kobolds
  A quokka (D:2)
  5 ball pythons (D:1)
  4 goblins (D:1)
  A rat (D:1)
41 creatures vanquished.

Notes
Turn   | Place    | Note
-------+----------+-------------------------------------------
     0 | D:1      | Dordric the Djinni Gladiator began the quest for the Orb.
     0 | D:1      | Reached XP level 1. HP: 18/18 MP: 0/0
    53 | D:1      | Reached skill level 3 in Long Blades
    66 | D:1      | Reached XP level 2. HP: 22/23 MP: 0/0
   237 | D:1      | Reached XP level 3. HP: 24/28 MP: 0/0
   237 | D:1      | Learned a level 1 spell: Sting
   863 | D:1      | Reached skill level 4 in Long Blades
  1023 | D:1      | Reached XP level 4. HP: 11/33 MP: 0/0
  1289 | D:2      | Noticed Terence
  1302 | D:2      | Killed Terence
  1398 | D:2      | Found a snail-covered altar of Cheibriados.
  1413 | D:2      | Reached XP level 5. HP: 35/38 MP: 0/0
  1413 | D:2      | Learned a level 2 spell: Poisonous Vapours
  1549 | D:2      | Slain by a gnoll

Illustrated notes

Levels and vault maps discovered:
D:1:      ncdulo_watergridlock, layout_basic,
          hangedman_abyss_or_decor_lesser_grid
D:2:      layout_basic, basic_altar, serial_bayou_pond_e,
          chequers_serial_rivers_small_b, kennysheep_generic_room_3,
          uniq_natasha, uniq_terence

Skill      XL: |  1  2  3 |
---------------+----------+-----
Long Blades    | 3 4 |  4.9
Fighting       | |  2.0
Throwing       | |  1.5
Dodging        | |  3.2

Action                     |  1- 3 |  4- 6 || total
---------------------------+-------+-------++-------
  Melee: Long sword        |    76 |    43 ||   119
  Throw: Throwing net      |     3 |       ||     3
   Cast: Sting             |     1 |     4 ||     5
 Armour: Leather armour    |    28 |    10 ||    38
  Dodge: Dodged            |    61 |    30 ||    91
